 Dungeon Crawl Stone Soup version 0.31-a0-1603-gbec6b6ccbf (webtiles) character file.

Game seed: 8715843527145949939

37991 whatisthis the Severer (level 14, -8/140 HPs)
             Began as a Hill Orc Monk on Jan 7, 2024.
             Was the Champion of Nemelex Xobeh.
             Mangled by a seven-headed hydra (24 damage)
             ... on level 4 of the Lair of Beasts.
             The game lasted 00:50:39 (20947 turns).

whatisthis the Severer (Hill Orc Monk)             Turns: 20947, Time: 00:50:40

Health: -8/140     AC: 20    Str: 19    XL:     14   Next: 0%
Magic:  26/26      EV:  2    Int: 10    God:    Nemelex Xobeh [******]
Gold:   1165       SH:  0    Dex: 13    Spells: 13/13 levels left

rFire   . . .        b - +2 short sword (venom)
rCold   . . .        d - orb {light}
rNeg    . . .        E - +0 swamp dragon scales
rPois   +            e - +1 helmet
rElec   .            U - +2 cloak
rCorr   .            s - +2 pair of gloves
SInv    +            T - +2 pair of boots
Will    ++...        (no amulet)
Stlth   +            x - ring of see invisible
HPRegen 0.43/turn    j - ring of willpower
MPRegen 0.20/turn

%: no passive effects
@: lethally poisoned (-8 -> -17), about to teleport, sleeping, slowed, glowing
A: no striking features
a: Renounce Religion, Draw Escape, Draw Destruction, Draw Summoning, Triple
Draw, Deal Four, Stack Five


You were on level 4 of the Lair of Beasts.
You worshipped Nemelex Xobeh.
Nemelex Xobeh was exalted by your worship.
You visited 3 branches of the dungeon, and saw 18 of its levels.

You collected 1165 gold pieces.

Inventory:

Hand Weapons
 a - a +0 broad axe
 b - a +2 short sword of venom (weapon)
Missiles
 o - 4 javelins
 v - 19 poisoned darts (quivered)
 C - 4 boomerangs
 G - a throwing net
 X - 4 curare-tipped darts
Armour
 d - an orb of light (worn)
 e - a +1 helmet (worn)
 k - a +2 chain mail of fire resistance
 s - a +2 pair of gloves (worn)
 E - +0 swamp dragon scales (worn)
 T - a +2 pair of boots (worn)
 U - a +2 cloak (worn)
Jewellery
 i - an amulet of magic regeneration
 j - a ring of willpower (right hand)
 x - a ring of see invisible (left hand)
 O - a ring of ice
 V - a ring of fire
Wands
 H - a wand of acid (12)
 K - a wand of mindburst (7)
 R - a wand of polymorph (3)
 W - a wand of paralysis (9)
 Z - a wand of flame (9)
Scrolls
 g - 7 scrolls of fog
 m - a scroll of acquirement {unknown}
 t - a scroll of amnesia {unknown}
 y - 3 scrolls of enchant weapon
 A - a scroll of immolation {unknown}
 B - 3 scrolls of poison
 F - 2 scrolls of silence {unknown}
 I - 3 scrolls of vulnerability
 J - 4 scrolls of teleportation
 P - 2 scrolls of fear {unknown}
 S - a scroll of noise {unknown}
 Y - a scroll of summoning {unknown}
Potions
 c - a potion of ambrosia
 f - 2 potions of might {unknown}
 h - a potion of haste {unknown}
 l - a potion of invisibility {unknown}
 n - 2 potions of resistance {unknown}
 q - 2 potions of brilliance {unknown}
 r - 3 potions of mutation
 u - 4 potions of attraction
 w - 2 potions of lignification {unknown}
 z - 4 potions of curing
 D - a potion of cancellation {unknown}
 L - 2 potions of magic {unknown}
 M - 2 potions of enlightenment {unknown}
 N - 3 potions of degeneration {unknown}
 Q - 5 potions of heal wounds


   Skills:
 + Level 17.1 Fighting
 - Level 17.3 Axes
 + Level 5.5 Armour
 - Level 2.4 Dodging
 + Level 16.2 Invocations


You had 13 spell levels left.
You didn't know any spells.
Your spell library contained the following spells:

 Spells                   Type           Power      Damage    Failure   Level
 Slow                     Hex            0%         N/A       52%         1
 Cigotuvi's Dreadful Rot  Necr/Alch/Air  0%         N/A       67%         2
 Confusing Touch          Hex            0%         N/A       88%         3
 Dazzling Flash           Conj/Hex       0%         N/A       88%         3
 Frozen Ramparts          Ice            0%         1d1       88%         3
 Sigil of Binding         Hex            0%         N/A       88%         3
 Tukima's Dance           Hex            0%         N/A       88%         3
 Vampiric Draining        Necr           0%         2d6       88%         3
 Volatile Blastmotes      Fire/Tloc      0%         2d10      88%         3
 Dimensional Bullseye     Hex/Tloc       0%         N/A       99%         4
 Dispel Undead            Necr           0%         3d6       99%         4
 Iskenderun's Mystic Bla  Conj/Tloc      0%         2d3       99%         4
 Leda's Liquefaction      Alch/Erth      0%         N/A       99%         4
 Martyr's Knell           Necr/Summ      0%         N/A       99%         4
 Petrify                  Alch/Erth      0%         N/A       99%         4
 Metabolic Englaciation   Hex/Ice        0%         N/A       100%        5
 Death Channel            Necr           0%         N/A       100%        6
 Starburst                Conj/Fire      0%         6d3       100%        6
 Maxwell's Capacitive Co  Air            0%         ∞         100%        8


Dungeon Overview and Level Annotations

Branches:
Dungeon (12/15)            Temple (1/1) D:5            Lair (5/5) D:8
 Shoals (0/4) Lair:2       Spider (0/4) Lair:3        Slime (0/5) Lair:4
    Orc: D:9-12

Altars:
Ashenzari
Cheibriados
Dithmenos
Elyvilon
Fedhas
Gozag
Hepliaklqana
Kikubaaqudgha
Makhleb
Nemelex Xobeh
Okawaru
Qazlal
Ru
Sif Muna
Trog
Uskayaw
Vehumet
Wu Jian
Xom
Yredelemnul
Zin
The Shining One
Jiyva

Shops:
D:1 :

Annotations:
D:7 3 runed translucent doors, ketchum's ghost, novice MfSh
D:11 exclusion: downstairs
Lair:3 2 transporters, 1 exclusion, justen's ghost, journeyman DsFi


Message History

You feel strangely unstable.
A nearby plant withers and dies.
The seven-headed hydra barely misses you.
The seven-headed hydra bites you but does no damage.
The seven-headed hydra bites you! x2
The seven-headed hydra closely misses you.
The seven-headed hydra bites you but does no damage.
The seven-headed hydra closely misses you.
The dream sheep headbutts you but does no damage.
The dream sheep headbutts you!
Your +2 short sword of venom begins to drip with poison!
b - a +2 short sword of venom (weapon)
The seven-headed hydra misses you. The seven-headed hydra bites you.
The seven-headed hydra bites you but does no damage.
The seven-headed hydra bites you.
* * * LOW HITPOINT WARNING * * *
The seven-headed hydra closely misses you.
The seven-headed hydra bites you but does no damage.
The seven-headed hydra misses you.
You draw a card...
You have drawn the Cloud.
Clouds appear around your foes! The dream sheep closely misses you.
The dream sheep headbutts you.
* * * LOW HITPOINT WARNING * * *
The seven-headed hydra bites you but does no damage.
The seven-headed hydra barely misses you.
The seven-headed hydra bites you but does no damage.
The seven-headed hydra closely misses you.
The seven-headed hydra bites you but does no damage.
The seven-headed hydra bites you.
* * * LOW HITPOINT WARNING * * *
The seven-headed hydra bites you but does no damage.
Unknown command.
You are engulfed in dark miasma.
You are poisoned.
You feel yourself slow down.
* * * LOW HITPOINT WARNING * * *
You feel very sick.
The dream sheep shake their wool and sparkle.
You feel drowsy...
You fall asleep.
The seven-headed hydra bites you!!
You die...
Your body glows with a rainbow of weird colours and disappears.

##### ##### ##### ###
####.#.####P..# #.#.##
..###.#...........# #....##
.........##P......###.....# ###
[.......####.............####.###
........# #....♣...♣.............
##....### ###.♣.☼☼○.♣............
###...# #....♣Y♣○...........#.
####..P# #....@○Y☼.........####
#......# ##...♣D♣○...(.##..##P#
#...##.# ##..♣PP☼○P♣.....#[.....
.......####....♣...♣.............
.........##......................
..........#..#.###...........#...
##.....⌠...##..##P...#.#......#..
##.........#...###.####.....#...
####.......#...................


You could see a seven-headed hydra and 2 dream sheep.

Vanquished Creatures
  Kirke (Lair:4)
  2 hydras
  A boulder beetle (Lair:1)
  Sonja (D:10)
  An orb spider (Lair:3)
  Pikel (D:7)
  2 wolf spiders (Lair:4)
  A manticore (Lair:2)
  8 black mambas
  6 elephants (Lair:4)
  7 cane toads
  Maggie (D:6)
  5 rime drakes
  6 komodo dragons
  3 trolls
  A polar bear (Lair:5)
  A wind drake (Lair:2)
  4 hornets
  8 blink frogs
  4 dream sheep (Lair:4)
  2 shadows
  41 yaks
  2 basilisks
  3 hogs (Lair:4)
  5 wyverns
  A fire bat (D:8)
  A human (Lair:4)
  2 steam dragons (D:8)
  2 vampire mosquitoes (D:8)
  Edmund (D:6)
  Menkaure (D:6)
  14 water moccasins
  Duvessa (D:5)
  2 sky beasts
  A swamp drake (D:11)
  A black bear (D:8)
  2 ice beasts
  4 orc warriors
  An ogre (D:4)
  24 wolves
  6 centaurs
  A phantom (D:4)
  4 lemures
  16 bullfrogs
  3 kobold brigands
  2 scorpions
  2 gnoll sergeants
  A wight (D:8)
  Dowan (D:5)
  A vampire bat (D:8)
  2 electric eels
  2 howler monkeys (D:7)
  3 bombardier beetles
  13 jellies
  3 hounds
  2 gnoll boudas
  11 orc priests
  3 iguanas
  9 orc wizards
  16 gnolls
  5 adders
  A shadow imp (D:6)
  6 white imps
  2 ufetubi (D:6)
  2 dart slugs
  3 ribbon worms
  37 orcs
  8 ball pythons
  13 bats
  11 endoplasms
  3 giant cockroaches
  6 goblins
  9 hobgoblins
  6 jackals
  13 kobolds
  3 quokkas
  7 frilled lizards
  6 rats
417 creatures vanquished.

Vanquished Creatures (collateral kills)
  A skeletal warrior (D:11)
  2 cane toads (Lair:3)
  2 blink frogs (Lair:1)
  A yak (Lair:3)
  A sky beast (D:6)
7 creatures vanquished.

Vanquished Creatures (others)
  A human (Lair:4)
  A steam dragon (D:8)
  A river rat (Lair:4)
3 creatures vanquished.

Grand Total: 427 creatures vanquished

Notes
Turn   | Place    | Note
-------+----------+-------------------------------------------
     0 | D:1      | whatisthis the Hill Orc Monk began the quest for the Orb.
     0 | D:1      | Reached XP level 1. HP: 19/19 MP: 1/1
     3 | D:1      | Noticed an electric eel
     4 | D:1      | Noticed an electric eel
   113 | D:1      | Reached XP level 2. HP: 24/27 MP: 2/2
   407 | D:1      | Found Opun Fest's Book Emporium.
   424 | D:1      | Reached XP level 3. HP: 26/34 MP: 3/3
  1068 | D:2      | Reached skill level 5 in Axes
  1305 | D:2      | Reached XP level 4. HP: 41/41 MP: 4/4
  1747 | D:3      | Reached skill level 5 in Fighting
  1859 | D:3      | Reached XP level 5. HP: 48/48 MP: 5/5
  1974 | D:3      | Noticed a sky beast
  1996 | D:3      | Killed a sky beast
  2143 | D:3      | Found a burning altar of Makhleb.
  2162 | D:3      | Reached XP level 6. HP: 46/57 MP: 6/6
  2206 | D:3      | Found an ornate altar of the Wu Jian Council.
  2207 | D:3      | Identified the +4 trident of Nozeeg {flame, +Blink Str-3
                  | SInv Stlth+}
  3046 | D:4      | Identified the +0 leather armour of Ludotag {*Slow Dex+3
                  | SInv Stlth+}
  3085 | D:4      | Reached XP level 7. HP: 58/66 MP: 7/7
  3469 | D:5      | Entered Level 5 of the Dungeon
  3469 | D:5      | Noticed Duvessa
  3469 | D:5      | Noticed Dowan
  3519 | D:5      | Found a glowing golden altar of the Shining One.
  4187 | D:5      | Found a staircase to the Ecumenical Temple.
  4266 | D:5      | Killed Dowan
  4267 | D:5      | Reached XP level 8. HP: 74/74 MP: 8/8
  4347 | D:5      | Killed Duvessa
  4795 | Temple   | Entered the Ecumenical Temple
  4805 | Temple   | Became a worshipper of Nemelex Xobeh the Trickster
  4805 | Temple   | Reached * piety under Nemelex Xobeh
  4805 | Temple   | Received a gift from Nemelex Xobeh
  4805 | Temple   | Reached ** piety under Nemelex Xobeh
  4941 | D:6      | Noticed Maggie
  4955 | D:6      | Reached skill level 1 in Invocations
  4959 | D:6      | Killed Maggie
  4960 | D:6      | Reached skill level 10 in Axes
  5260 | D:6      | Noticed Menkaure
  5263 | D:6      | Killed Menkaure
  5311 | D:6      | Found a bloodstained altar of Trog.
  5341 | D:6      | Reached XP level 9. HP: 84/85 MP: 12/12
  5427 | D:6      | Noticed Edmund
  5480 | D:6      | Found an iron altar of Okawaru.
  5589 | D:6      | Received a gift from Nemelex Xobeh
  5769 | D:6      | Killed Edmund
  5770 | D:6      | Reached skill level 5 in Invocations
  5822 | D:6      | Reached skill level 10 in Fighting
  5962 | D:7      | Noticed Pikel
  6126 | D:7      | Noticed a hornet
  6308 | D:7      | Killed a hornet
  6361 | D:7      | Killed Pikel
  6652 | D:7      | Reached *** piety under Nemelex Xobeh
  6655 | D:7      | Noticed a hornet
  6660 | D:7      | Paralysed by a hornet for 1 turns
  6670 | D:7      | Killed a hornet
  6671 | D:7      | Reached XP level 10. HP: 30/96 MP: 15/15
  7006 | D:7      | Found a runed translucent gate.
  7006 | D:7      | Found a runed translucent gate.
  7006 | D:7      | Found a runed translucent gate.
  7007 | D:7      | Noticed ketchum's ghost (novice MfSh)
  7405 | D:8      | Found a staircase to the Lair.
  7496 | D:8      | Received a gift from Nemelex Xobeh
  7701 | D:8      | Found a basalt altar of Yredelemnul.
  7701 | D:8      | Found a stormy altar of Qazlal.
  7701 | D:8      | Found a shimmering blue altar of Sif Muna.
  7703 | D:8      | Found a blossoming altar of Fedhas.
  8322 | D:7      | Upgraded the game from 0.31-a0-1591-g515db51633 to
                  | 0.31-a0-1603-gbec6b6ccbf
  9009 | D:8      | Reached skill level 10 in Invocations
  9090 | D:8      | Identified the +2 rapier of Demonkind {elec, Fly rElec rF-
                  | rN+ Str+2}
  9137 | D:8      | Reached XP level 11. HP: 38/105 MP: 18/18
  9337 | D:8      | Identified the +6 scimitar of the Destroying Jester {pain,
                  | Str+3 Int-2 Dex+5}
  9406 | D:8      | Received a gift from Nemelex Xobeh
 10561 | D:9      | Received a gift from Nemelex Xobeh
 10655 | D:9      | Found a snail-covered altar of Cheibriados.
 10808 | D:9      | Reached **** piety under Nemelex Xobeh
 10994 | D:10     | Entered Level 10 of the Dungeon
 11291 | D:10     | Noticed Sonja
 11292 | D:10     | Killed Sonja
 11612 | D:10     | Received a gift from Nemelex Xobeh
 12048 | D:11     | Received a gift from Nemelex Xobeh
 12057 | D:11     | Reached ***** piety under Nemelex Xobeh
 12609 | D:11     | Found a broken altar of Ashenzari.
 12748 | D:12     | Noticed a manticore
 12781 | D:12     | Noticed a skeletal warrior
 12781 | D:12     | Noticed a skeletal warrior
 12781 | D:12     | Noticed a skeletal warrior
 12789 | D:11     | HP: 4/107 [skeletal warrior/+4 scimitar (26)]
 12790 | D:11     | Killed a skeletal warrior
 13129 | Lair:1   | Entered Level 1 of the Lair of Beasts
 13146 | Lair:1   | Noticed a boulder beetle
 13186 | Lair:1   | Killed a boulder beetle
 13328 | Lair:1   | Reached skill level 15 in Axes
 13381 | Lair:1   | Identified the +0 flail of Umpot {elec, *Slow rN+++ Dex-4
                  | SInv}
 13643 | Lair:1   | Reached XP level 12. HP: 43/117 MP: 21/21
 15105 | Lair:2   | Noticed a six-headed hydra
 15108 | Lair:2   | Killed a six-headed hydra
 15194 | Lair:2   | Received a gift from Nemelex Xobeh
 15346 | Lair:2   | Reached skill level 15 in Fighting
 15975 | Lair:2   | Found a staircase to the Shoals.
 16749 | Lair:3   | Received a gift from Nemelex Xobeh
 17158 | Lair:3   | Found a bloodstained altar of Trog.
 17159 | Lair:3   | Found a transporter.
 17161 | Lair:3   | Noticed justen's ghost (journeyman DsFi)
 17183 | Lair:3   | Found a transporter.
 17233 | Lair:3   | Reached XP level 13. HP: 128/128 MP: 23/23
 17251 | Lair:3   | Received a gift from Nemelex Xobeh
 17529 | Lair:3   | Found a hole to the Spider Nest.
 18539 | Lair:4   | Received a gift from Nemelex Xobeh
 18576 | Lair:4   | Reached skill level 15 in Invocations
 18584 | Lair:4   | Reached skill level 1 in Armour
 19015 | Lair:4   | Found a staircase to the Slime Pits.
 19101 | Lair:4   | Found a viscous altar of Jiyva.
 19245 | Lair:4   | Received a gift from Nemelex Xobeh
 19905 | Lair:4   | Noticed Kirke
 19931 | Lair:4   | Killed Kirke
 20250 | Lair:4   | Reached ****** piety under Nemelex Xobeh
 20588 | Lair:5   | Entered Level 5 of the Lair of Beasts
 20815 | Lair:5   | Reached skill level 5 in Armour
 20939 | Lair:4   | Reached XP level 14. HP: 129/140 MP: 26/26
 20947 | Lair:4   | Mangled by a seven-headed hydra

Illustrated notes

Levels and vault maps discovered:
D:1:      arrival_aquarium_b, layout_loops_ring, serial_shops, shop,
          chequers_serial_rivers_micro_e, minmay_misc_feat_cross
D:2:      layout_basic, kennysheep_boxes
D:3:      layout_rooms, bloody_makhleb, nzn_wu_jian_council_hall
D:4:      layout_basic, minmay_surrounded
D:5:      layout_loops_ring, mainiacjoe_overflow_alcove_2,
          minmay_temple_entry_antechambers, uniq_duvessa
D:6:      layout_basic, mainiacjoe_overflow_brackets,
          mainiacjoe_overflow_concentric_impassable, serial_bayou_lagoon_a,
          uniq_edmund, uniq_maggie, uniq_menkaure
D:7:      layout_rooms, gammafunk_ghost_nasty_kobolds,
          chequers_serial_rivers_small_a, uniq_pikel
D:8:      minmay_imperfect_grid, layout_cave_pools, minitemple, roderic_batcave,
          kennysheep_pointless_box, nicolae_figureground_sparkle
D:9:      layout_loops_ring, slow_altar_2
D:10:     layout_cave_pools, uniq_sonja
D:11:     layout_roguey, nicolae_ashenzari_skybound
D:12:     layout_irregular_city, kennysheep_orc_monster_closet_entryway,
          portal_ice_cave_demonic_guard, minmay_radiant
Temple:   nicolae_temple_x_marks_the_god
Lair:1:   layout_long_grid, serial_bayou_ford_a
Lair:2:   layout_roguey, minmay_shoals_entry_beasts, grunt_megastairs_4,
          infiniplex_staircase_pool_2, serial_bayou_shore_a
Lair:3:   layout_hall_layers, nicolae_spider_entry_orb_guardian,
          gammafunk_ghost_wrathful_warriors, nicolae_quartered_pool_medium,
          minivault_23, minmay_stone_trees_small
Lair:4:   layout_gridlike, minmay_slime_entry_jelly_boxes,
          grunt_forest_stairs_basic, chequers_serial_rivers_small_3,
          nicolae_lair_run_with_the_wolves, grunt_megastairs_3, uniq_kirke
Lair:5:   due_jungle_book, layout_gridlike

Skill      XL: |  1  2  3  4  5  6  7  8  9 10 11 12 13 |
---------------+----------------------------------------+-----
Fighting       | 4 5 6 7 8 9 11 12 14 15 17 | 17.1
Axes           | 5 6 7 9 10 12 13 15 16 17 | 17.3
Invocations    | 4 7 10 12 14 16 | 16.2
Armour         | 5 |  5.5
Dodging        | |  2.4

Action                     |  1- 3 |  4- 6 |  7- 9 | 10-12 | 13-15 || total
---------------------------+-------+-------+-------+-------+-------++-------
  Melee: Hand axe          |   113 |   120 |   131 |       |       ||   364
         Broad axe         |       |       |   139 |   508 |   338 ||   985
         Short sword       |       |       |       |   158 |       ||   158
  Throw: Dart              |       |       |     8 |    37 |     4 ||    49
         Throwing net      |       |       |     1 |       |       ||     1
 Invoke: Draw Destruction  |       |       |    13 |    13 |     6 ||    32
         Draw Escape       |       |       |     3 |       |     1 ||     4
         Draw Summoning    |       |       |     1 |     3 |     2 ||     6
  Evoke: Wand              |       |     5 |    14 |     9 |       ||    28
    Use: Scroll            |       |       |       |     9 |     6 ||    15
   Stab: Distracted        |       |       |       |     1 |     1 ||     2
 Armour: Robe              |    33 |       |       |       |       ||    33
         Scale mail        |    24 |    64 |    82 |       |       ||   170
         Swamp dragon scal |       |       |   118 |   559 |   311 ||   988
  Dodge: Dodged            |    49 |    52 |   134 |   377 |   146 ||   758

Table legend: (Time is in decaauts)
 A = Elapsed time spent in this place.
 B = Non-inter-level travel time spent in this place.
 C = Inter-level travel time spent in this place.
 D = Time resting spent in this place.
 E = Time spent auto-exploring this place.
 F = Levels seen in this place.
 G = Mean time per level.
                   A        B        C        D        E       F      G
               +--------+--------+--------+--------+--------+-----+--------+
         Total |  20841 |  20110 |    731 |   6607 |   8905 |  18 | 1157.8 |
       Dungeon |  13112 |  12604 |    508 |   3456 |   6307 |  12 | 1092.7 |
        Temple |     20 |     11 |      9 |      0 |      0 |   1 |   20.0 |
          Lair |   7708 |   7494 |    214 |   3151 |   2598 |   5 | 1541.6 |
               +--------+--------+--------+--------+--------+-----+--------+

Top non-repeatable levels by time:
  Lair:4: 2400 daAuts
  Lair:2: 2068 daAuts
     D:8: 1954 daAuts
  Lair:1: 1805 daAuts
     D:7: 1638 daAuts
     D:6: 1401 daAuts
     D:9: 1392 daAuts
     D:5: 1331 daAuts
  Lair:3: 1234 daAuts
     D:4: 1180 daAuts
    D:11: 1156 daAuts
     D:1: 890 daAuts
     D:2: 866 daAuts
    D:10: 674 daAuts
     D:3: 585 daAuts
